AAA
RICHMOND RAMS @ ANNAPOLIS ADMIRALS
06/08/2060
 
TOP OF THE 1ST
Richmond Rams batting - Pitching for Annapolis Admirals : LHP Bryn Gray
Pitching: LHP Bryn Gray
Batting: RHB Ken Daly 0-0: Fly out, F7 (Flyball, 7D, EV 101.2 MPH)
Batting: SHB Seth Estee 0-0: Called Strike
0-1: Called Strike
0-2: Strikes out swinging
Batting: SHB Detwon Ayala 0-0: Ball
1-0: Ball
2-0: Ball
3-0: Base on Balls
Batting: RHB Lou Winfield 0-0: Fly out, F4 (Popup, 23, EV 81.9 MPH)
Top of the 1st over - 0 runs, 0 hits, 0 errors, 1 left on base; Richmond 0 - Annapolis 0
BOTTOM OF THE 1ST
Annapolis Admirals batting - Pitching for Richmond Rams : RHP Eddie Forsythe
Pitching: RHP Eddie Forsythe
Batting: LHB Nathan Bell 0-0: Ball
1-0: Ball
2-0: Called Strike
2-1: Called Strike
2-2: Ball
3-2: Strikes out swinging
Batting: RHB Braden Sacks 0-0: Ground out U3 (Groundball, 3, EV 93.1 MPH)
Batting: LHB Kentrellis Donciu 0-0: SINGLE (Line Drive, 3D, EV 98.8 MPH)
Batting: LHB Gregg Flores 0-0: Ball
1-0: Called Strike
1-1: Swinging Strike
1-2: Foul Ball, location: 2F
1-2: Ball
2-2: Ball
3-2: Fly out, F8 (Flyball, 8LM, EV 91.9 MPH)
Bottom of the 1st over - 0 runs, 1 hit, 0 errors, 1 left on base; Richmond 0 - Annapolis 0
TOP OF THE 2ND
Richmond Rams batting - Pitching for Annapolis Admirals : LHP Bryn Gray
Batting: LHB Nate Rowell 0-0: Ground out U3 (Groundball, 3, EV 106.9 MPH)
Batting: RHB Linton Makepeace 0-0: Foul Ball, location: 2F
0-1: Ball
1-1: Called Strike
1-2: Strikes out swinging
Batting: LHB Logan Sparks 0-0: Called Strike
0-1: Swinging Strike
0-2: Ball
1-2: Strikes out looking
Top of the 2nd over - 0 runs, 0 hits, 0 errors, 0 left on base; Richmond 0 - Annapolis 0
BOTTOM OF THE 2ND
Annapolis Admirals batting - Pitching for Richmond Rams : RHP Eddie Forsythe
Batting: RHB Trey Densmore 0-0: Called Strike
0-1: Fly out, F7 (Flyball, 78M, EV 82.5 MPH)
Batting: LHB Charlie Estes 0-0: Called Strike
0-1: Called Strike
0-2: Strikes out looking
Batting: RHB Sonny Zidane 0-0: Ball
1-0: Foul Ball, location: 2F
1-1: Ball
2-1: Foul Ball, location: 2F
2-2: Ball
3-2: SINGLE (Line Drive, 7S, EV 104.4 MPH)
Batting: RHB Brian Williamson 0-0: Called Strike
Pickoff Throw to First - Out! 1-3
Bottom of the 2nd over - 0 runs, 1 hit, 0 errors, 0 left on base; Richmond 0 - Annapolis 0
TOP OF THE 3RD
Richmond Rams batting - Pitching for Annapolis Admirals : LHP Bryn Gray
Batting: RHB Joey Shelton 0-0: Called Strike
0-1: Foul Ball, location: 2F
0-2: Ball
1-2: Ball
2-2: Fly out, F9 (Flyball, 9LS, EV 81.2 MPH)
Batting: RHB Tommy Dupree 0-0: Foul Ball, location: 2F
0-1: Foul Ball, location: 2F
0-2: Foul Ball, location: 2F
0-2: Ball
1-2: Foul Ball, location: 2F
1-2: SINGLE (Groundball, 56, EV 95.6 MPH)
Batting: RHB Ken Daly 0-0: Ball
1-0: Foul Ball, location: 2F
1-1: Fly out, F8 (Flyball, 89M, EV 83.8 MPH)
Batting: SHB Seth Estee 0-0: Ball
Passed Ball!
Tommy Dupree to second
1-0: Called Strike
1-1: Foul Ball, location: 2F
1-2: Ball
2-2: Strikes out swinging, 2-3 out at first.
Top of the 3rd over - 0 runs, 1 hit, 0 errors, 1 left on base; Richmond 0 - Annapolis 0
BOTTOM OF THE 3RD
Annapolis Admirals batting - Pitching for Richmond Rams : RHP Eddie Forsythe
Batting: RHB Brian Williamson 0-0: Ball
1-0: Called Strike
1-1: Ball
2-1: Foul Ball, location: 2F
2-2: Foul Ball, location: 2F
2-2: Strikes out swinging
Batting: RHB Antonio Boyle 0-0: Ball
1-0: Called Strike
1-1: Swinging Strike
1-2: Foul Ball, location: 2F
1-2: Strikes out swinging
Batting: LHB Nathan Bell 0-0: SOLO HOME RUN (Flyball, 89XD, EV 98.8 MPH), Distance : 403 ft
Batting: RHB Braden Sacks 0-0: Foul Ball, location: 2F
0-1: Called Strike
0-2: Ball
1-2: Ball
2-2: Ball
3-2: Base on Balls
Batting: LHB Kentrellis Donciu 0-0: Ball
1-0: Ball
2-0: Ball
3-0: Called Strike
3-1: Foul Ball, location: 2F
3-2: Base on Balls
Braden Sacks to second
Batting: LHB Gregg Flores 0-0: Called Strike
0-1: Called Strike
0-2: Ball
1-2: Foul Ball, location: 2F
1-2: Foul Ball, location: 2F
1-2: Strikes out swinging
Bottom of the 3rd over - 1 run, 1 hit, 0 errors, 2 left on base; Richmond 0 - Annapolis 1
TOP OF THE 4TH
Richmond Rams batting - Pitching for Annapolis Admirals : LHP Bryn Gray
Batting: SHB Detwon Ayala 0-0: Foul Ball, location: 2F
0-1: Foul Ball, location: 2F
0-2: Foul Ball, location: 2F
0-2: Strikes out swinging
Batting: RHB Lou Winfield 0-0: Called Strike
0-1: Foul Ball, location: 2F
0-2: Ball
1-2: Ball
2-2: Ball
3-2: Strikes out swinging
Batting: LHB Nate Rowell 0-0: Foul Ball, location: 2F
0-1: Ball
1-1: Swinging Strike
1-2: Fly out, F7 (Line Drive, 7, EV 111.9 MPH)
Top of the 4th over - 0 runs, 0 hits, 0 errors, 0 left on base; Richmond 0 - Annapolis 1
BOTTOM OF THE 4TH
Annapolis Admirals batting - Pitching for Richmond Rams : RHP Eddie Forsythe
Batting: RHB Trey Densmore 0-0: Called Strike
0-1: Ground out 5-3 (Groundball, 56D, EV 109.4 MPH)
Batting: LHB Charlie Estes 0-0: Ball
1-0: Ball
2-0: Fly out, F7 (Flyball, 7D, EV 83.1 MPH)
Batting: RHB Sonny Zidane 0-0: Foul Ball, location: 2F
0-1: Ball
1-1: Foul Ball, location: 2F
1-2: Ball
2-2: Strikes out swinging
Bottom of the 4th over - 0 runs, 0 hits, 0 errors, 0 left on base; Richmond 0 - Annapolis 1
TOP OF THE 5TH
Richmond Rams batting - Pitching for Annapolis Admirals : LHP Bryn Gray
Batting: RHB Linton Makepeace 0-0: Ball
1-0: Swinging Strike
1-1: Ball
2-1: Foul Ball, location: 2F
2-2: Foul Ball, location: 2F
2-2: Foul Ball, location: 2F
2-2: Ball
3-2: Strikes out swinging
Batting: LHB Logan Sparks 0-0: Called Strike
0-1: Foul Ball, location: 2F
0-2: SINGLE (Groundball, 25, EV 69.4 MPH) (infield hit)
Batting: RHB Joey Shelton 0-0: Ball
1-0: Foul Ball, location: 2F
1-1: Ball
2-1: 2-RUN HOME RUN (Line Drive, 7LD, EV 96.2 MPH), Distance : 368 ft
Batting: RHB Tommy Dupree 0-0: Foul Ball, location: 2F
0-1: Ball
1-1: Foul Ball, location: 2F
1-2: Ball
2-2: Foul Ball, location: 2F
2-2: Ball
3-2: Fly out, F7 (Flyball, 7LM, EV 96.2 MPH)
Batting: RHB Ken Daly 0-0: Ball
1-0: Ground out 4-3 (Groundball, 4, EV 86.2 MPH)
Top of the 5th over - 2 runs, 2 hits, 0 errors, 0 left on base; Richmond 2 - Annapolis 1
BOTTOM OF THE 5TH
Annapolis Admirals batting - Pitching for Richmond Rams : RHP Eddie Forsythe
Batting: RHB Brian Williamson 0-0: Ball
1-0: Ball
2-0: Called Strike
2-1: Reached on error, E5 (Groundball, 56S, EV 86.9 MPH)
Batting: RHB Antonio Boyle 0-0: Fly out, F7 (Flyball, 7D, EV 90.0 MPH)
Batting: LHB Nathan Bell 0-0: Swinging Strike
0-1: Foul Ball, location: 2F
0-2: Ball
1-2: Ball
2-2: Strikes out looking
Batting: RHB Braden Sacks 0-0: Called Strike
0-1: Fly out, F9 (Flyball, 89M, EV 83.8 MPH)
Bottom of the 5th over - 0 runs, 0 hits, 1 error, 1 left on base; Richmond 2 - Annapolis 1
TOP OF THE 6TH
Richmond Rams batting - Pitching for Annapolis Admirals : LHP Bryn Gray
Batting: SHB Seth Estee 0-0: Ball
1-0: Foul Ball, location: 2F
1-1: Foul Ball, location: 2F
1-2: Ball
2-2: Ball
3-2: Foul Ball, location: 2F
3-2: Foul Ball, location: 2F
3-2: Foul Ball, location: 2F
3-2: Strikes out looking
Batting: SHB Detwon Ayala 0-0: Swinging Strike
0-1: Foul Ball, location: 2F
0-2: Ball
1-2: Strikes out swinging
Batting: RHB Lou Winfield 0-0: Ball
1-0: Ground out 6-3 (Groundball, 6, EV 90.6 MPH)
Top of the 6th over - 0 runs, 0 hits, 0 errors, 0 left on base; Richmond 2 - Annapolis 1
BOTTOM OF THE 6TH
Annapolis Admirals batting - Pitching for Richmond Rams : RHP Eddie Forsythe
Batting: LHB Kentrellis Donciu 0-0: Called Strike
0-1: Called Strike
0-2: Foul Ball, location: 2F
0-2: SINGLE (Flyball, 89S, EV 93.1 MPH)
Pitching: RHP Edmund Clinton
Batting: LHB Gregg Flores 0-0: Ball
1-0: Ball
2-0: Foul Ball, location: 2F
2-1: Fly out, F8 (Flyball, 89D, EV 103.1 MPH)
Batting: RHB Trey Densmore 0-0: Called Strike
0-1: Ball
1-1: Ball
2-1: Called Strike
2-2: Strikes out swinging
Batting: LHB Charlie Estes 0-0: Swinging Strike
0-1: Ball
Kentrellis Donciu is caught stealing 2nd base 2-6
Bottom of the 6th over - 0 runs, 1 hit, 0 errors, 0 left on base; Richmond 2 - Annapolis 1
TOP OF THE 7TH
Richmond Rams batting - Pitching for Annapolis Admirals : LHP Bryn Gray
Now at 1B: Justyn Wylie
Batting: LHB Nate Rowell 0-0: Ball
1-0: SINGLE (Groundball, 6MD, EV 102.5 MPH)
Batting: RHB Linton Makepeace 0-0: Bunted foul
0-1: Bunted foul
0-2: Ball
1-2: Ball
2-2: Ball
3-2: Foul Ball, location: 2F
3-2: Base on Balls
Nate Rowell to second
Pitching: RHP Shadell Williams
Batting: LHB Logan Sparks 0-0: Ball
1-0: SINGLE (Flyball, 5D, EV 85.6 MPH)
Nate Rowell to third
Linton Makepeace to second
Batting: RHB Joey Shelton 0-0: Foul Ball, location: 2F
0-1: TRIPLE (Groundball, 3D, EV 106.9 MPH)
Nate Rowell scores
Linton Makepeace scores
Logan Sparks scores
Batting: RHB Tommy Dupree 0-0: Ground out 5-3 (Groundball, 56S, EV 62.5 MPH)
Joey Shelton scores
Batting: RHB Ken Daly 0-0: Called Strike
0-1: Ball
1-1: Ball
2-1: Foul Ball, location: 2F
2-2: Ball
3-2: Fly out, F9 (Flyball, 9D, EV 92.5 MPH)
Batting: SHB Seth Estee 0-0: Called Strike
0-1: Foul Ball, location: 2F
0-2: Ball
1-2: Ball
2-2: Foul Ball, location: 2F
2-2: Strikes out swinging
Top of the 7th over - 4 runs, 3 hits, 0 errors, 0 left on base; Richmond 6 - Annapolis 1
BOTTOM OF THE 7TH
Annapolis Admirals batting - Pitching for Richmond Rams : RHP Edmund Clinton
Batting: LHB Charlie Estes 0-0: Called Strike
0-1: Ball
1-1: Ball
2-1: Called Strike
2-2: Ground out 4-3 (Groundball, 4, EV 81.9 MPH)
Batting: RHB Sonny Zidane 0-0: Called Strike
0-1: Ball
1-1: Swinging Strike
1-2: Ball
2-2: Ball
3-2: Foul Ball, location: 2F
3-2: Foul Ball, location: 2F
3-2: Ground out 6-3 (Groundball, 6M, EV 103.8 MPH)
Batting: RHB Brian Williamson 0-0: Ball
1-0: SINGLE (Groundball, 4MD, EV 111.9 MPH)
Batting: RHB Antonio Boyle 0-0: Ball
1-0: Ball
2-0: Ball
3-0: Called Strike
3-1: Base on Balls
Brian Williamson to second
Pitching: LHP Hayden Ramirez
Batting: LHB Nathan Bell 0-0: Called Strike
0-1: Foul Ball, location: 2F
0-2: Fielders Choice at 2nd, 6-4 (Groundball, 6, EV 83.8 MPH)
Bottom of the 7th over - 0 runs, 1 hit, 0 errors, 2 left on base; Richmond 6 - Annapolis 1
TOP OF THE 8TH
Richmond Rams batting - Pitching for Annapolis Admirals : RHP Shadell Williams
Batting: SHB Detwon Ayala 0-0: Called Strike
0-1: Ground out 5-3 (Groundball, 56, EV 79.4 MPH)
Batting: RHB Lou Winfield 0-0: Ball
1-0: Swinging Strike
1-1: Called Strike
1-2: Foul Ball, location: 2F
1-2: Strikes out looking
Batting: LHB Nate Rowell 0-0: Ball
1-0: Ball
2-0: Called Strike
2-1: Fly out, F7 (Line Drive, 7D, EV 105.0 MPH)
Top of the 8th over - 0 runs, 0 hits, 0 errors, 0 left on base; Richmond 6 - Annapolis 1
BOTTOM OF THE 8TH
Annapolis Admirals batting - Pitching for Richmond Rams : LHP Hayden Ramirez
Batting: RHB Braden Sacks 0-0: Foul Ball, location: 2F
0-1: Ball
1-1: Ground out 6-3 (Groundball, 6, EV 87.5 MPH)
Batting: RHB Justyn Wylie 0-0: Foul Ball, location: 2F
0-1: Ball
1-1: Foul Ball, location: 2F
1-2: DOUBLE (Line Drive, 9LM, EV 108.8 MPH)
Batting: LHB Gregg Flores 0-0: Called Strike
0-1: Ball
1-1: Ground out 4-3 (Groundball, 4, EV 83.8 MPH)
Justyn Wylie to third
Batting: RHB Trey Densmore 0-0: Called Strike
0-1: Ball
1-1: Ground out 6-3 (Groundball, 6, EV 84.4 MPH)
Bottom of the 8th over - 0 runs, 1 hit, 0 errors, 1 left on base; Richmond 6 - Annapolis 1
TOP OF THE 9TH
Richmond Rams batting - Pitching for Annapolis Admirals : RHP Shadell Williams
Batting: RHB Linton Makepeace 0-0: Called Strike
0-1: Called Strike
0-2: Ball
1-2: Foul Ball, location: 2F
1-2: Foul Ball, location: 2F
1-2: Foul Ball, location: 2F
1-2: Ball
2-2: Foul Ball, location: 2F
2-2: Ground out 6-3 (Groundball, 6, EV 86.9 MPH)
Batting: LHB Logan Sparks 0-0: Called Strike
0-1: Foul Ball, location: 2F
0-2: SINGLE (Groundball, 23, EV 72.5 MPH) (infield hit)
Pitching: LHP Jonas Zimmerman
Batting: RHB Joey Shelton 0-0: Grounds into double play, 5-4-3 (Groundball, 5S, EV 88.1 MPH)
Top of the 9th over - 0 runs, 1 hit, 0 errors, 0 left on base; Richmond 6 - Annapolis 1
BOTTOM OF THE 9TH
Annapolis Admirals batting - Pitching for Richmond Rams : LHP Hayden Ramirez
Batting: LHB Charlie Estes 0-0: Swinging Strike
0-1: Ground out U3 (Groundball, 3, EV 84.4 MPH)
Batting: RHB Sonny Zidane 0-0: Ball
1-0: Foul Ball, location: 2F
1-1: Called Strike
1-2: Ball
2-2: Ground out 6-3 (Groundball, 6, EV 86.2 MPH)
Batting: RHB Brian Williamson 0-0: Ball
1-0: Foul Ball, location: 2F
1-1: Foul Ball, location: 2F
1-2: Strikes out swinging
Bottom of the 9th over - 0 runs, 0 hits, 0 errors, 0 left on base; Richmond 6 - Annapolis 1
Tuesday, May 7th , 2024 - OOTP Baseball 23.10 Build 110